 Dungeon Crawl Stone Soup version 0.19.0-22-gd96e5fe (webtiles) character file.

56 tognito the Skirmisher (level 3, -1/34 HPs)
             Began as a Minotaur Berserker on Nov 19, 2016.
             Was a Believer of Trog.
             Slain by an orc (2 damage)
             ... on level 3 of the Dungeon.
             The game lasted 00:03:55 (1486 turns).

tognito the Skirmisher (Minotaur Berserker)         Turns: 1486, Time: 00:03:56

Health: -1/34      AC: 11    Str: 20 (22) XL:     3   Next: 71%
Magic:  2/2        EV:  6    Int:  1 (4)  God:    Trog [**....]
Gold:   137        SH:  0    Dex:  6 (9)  Spells: 0 memorised, 2 levels left

rFire  . . .     SeeInvis .     a - +0 hand axe
rCold  . . .     Gourm    .     i - +0 plate armour
rNeg   . . .     Faith    .     (no shield)
rPois  .         Spirit   .     (helmet restricted)
rElec  .         Reflect  .     (no cloak)
rCorr  .         Harm     .     (no gloves)
MR     .....                    (no boots)
Stlth  ..........               (no amulet)
                                (no ring)
                                (no ring)

@: lethally poisoned (-1 -> -18)
A: retaliatory headbutt, horns 2
a: Berserk, Trog's Hand, Burn Spellbooks, Renounce Religion


You were on level 3 of the Dungeon.
You worshipped Trog.
Trog was pleased with you.
You were not hungry.

You visited 1 branch of the dungeon, and saw 3 of its levels.

You collected 137 gold pieces.

Inventory:

Hand Weapons
 a - a +0 hand axe (weapon)
Armour
 i - a +0 plate armour (worn)
Scrolls
 d - a scroll of remove curse {unknown}
 e - 2 scrolls of random uselessness {unknown}
 f - a scroll of enchant weapon {unknown}
 h - a scroll of magic mapping {unknown}
 j - 4 scrolls of identify {unknown}
 k - a scroll of teleportation {unknown}
Comestibles
 b - 5 fruits
 c - 2 bread rations
 g - 2 meat rations


   Skills:
 * Level 4.4 Fighting
 * Level 4.4 Axes
 + Level 3.0 Armour
 + Level 2.5 Dodging


You had 2 spell levels left.
You didn't know any spells.

Dungeon Overview and Level Annotations

Branches:
Dungeon (3/15)

Altars:
The Shining One


Innate Abilities, Weirdness & Mutations

You reflexively headbutt those who attack you in melee.
You have a pair of horns on your head.


Message History

Your plate armour prevents you from hitting the orc.
You hit the adder but do no damage.
* * * LOW HITPOINT WARNING * * *
You feel sick. The adder bites you but does no damage.
The orc hits you but does no damage.
You miss the adder. You hit the orc but do no damage.
* * * LOW HITPOINT WARNING * * *
You feel sick. The adder bites you but does no damage.
The orc hits you but does no damage. The adder bites you.
* * * LOW HITPOINT WARNING * * *
Your plate armour prevents you from hitting the orc.
The orc is severely wounded.
You hit the adder.
* * * LOW HITPOINT WARNING * * *
You feel sick. The adder bites you but does no damage.
The orc hits you but does no damage.
You aren't carrying any potions.
* * * LOW HITPOINT WARNING * * *
You feel sick. The orc hits you.
You die...

#.....##.#
#.....##.##
#.....##..#
#.....###.#####
#.............#
########.######.##.#
......).....# #..#
......[.o.#.# ##.#
.......S@.# # ..
..........# #..
..........# ...
.........!# ....
..........#
###########


You could see an adder and an orc.

Vanquished Creatures
  An adder (D:2)
  A worm (D:2)
  3 orcs (D:3)
  7 bats
  4 giant cockroaches
  2 goblins
  4 hobgoblins
  6 jackals
  A quokka (D:2)
  A ball python (D:2)
  2 frilled lizards
  2 kobolds
  5 rats
39 creatures vanquished.

Notes
Turn   | Place    | Note
-------+----------+-------------------------------------------
     0 | D:1      | tognito the Minotaur Berserker began the quest for the Orb.
     0 | D:1      | Reached XP level 1. HP: 19/19 MP: 0/0
    93 | D:1      | Reached XP level 2. HP: 21/27 MP: 1/1
   872 | D:2      | Reached ** piety under Trog
   886 | D:2      | Reached XP level 3. HP: 34/34 MP: 2/2
  1273 | D:2      | Found a faded altar of an unknown god.
  1273 | D:2      | Found a faded altar of an unknown god.
  1278 | D:2      | Found a faded altar of an unknown god.
  1281 | D:2      | Found a glowing golden altar of the Shining One.
  1282 | D:2      | Found a faded altar of an unknown god.
  1486 | D:3      | HP: 1/34 [poisoned by an orc]
  1486 | D:3      | Slain by an orc

Skill      XL: |  1  2  3 |
---------------+----------+-----
Fighting       | 4 |  4.4
Axes           | 4 |  4.4
Armour         | 3 |  3.0
Dodging        | |  2.5

Action                   || total
-------------------------++-------
Melee: Hand axe          ||    95
       Headbutt          ||    13
  Use: Potion            ||     2
  Eat: Chunk             ||     2
Armor: Animal skin       ||     4
       Plate armour      ||    64
Dodge: Dodged            ||    51
